 Dungeon Crawl Stone Soup version 0.31.0-11-ge490571c62 (webtiles) character file.

Game seed: 12395127221555825992

83 hawla the Chopper (level 4, -2/38 (39) HPs)
             Began as a Hill Orc Monk on Jan 28, 2024.
             Slain by Crazy Yiuf
             ... wielding a +3 quarterstaff of chaos
              (12 damage)
             ... on level 3 of the Dungeon.
             The game lasted 00:03:49 (1933 turns).

hawla the Chopper (Hill Orc Monk)                   Turns: 1933, Time: 00:03:49

HP:   -2/38 (39)    AC: 11    Str: 15    XL:     4   Next: 44%
MP:   4/4           EV:  7    Int: 10    God:
Gold: 86            SH:  0    Dex: 13    Spells: 3/3 levels left

rFire   . . .        a - +0 hand axe
rCold   . . .        d - orb {light}
rNeg    . . .        k - +2 chain mail {rPois}
rPois   +            (no helmet)
rElec   .            (no cloak)
rCorr   .            b - +0 pair of gloves
SInv    .            (no boots)
Will    .....        (no amulet) Stlth
                     (no ring)
HPRegen 0.26/turn    (no ring)
MPRegen 0.09/turn

%: no passive effects
@: mighty, fragile (+50% incoming damage), glowing, lightly drained
A: no striking features
a: no special abilities


You were on level 3 of the Dungeon.
You visited 1 branch of the dungeon, and saw 3 of its levels.

You collected 86 gold pieces.

Inventory:

Hand Weapons
 a - a +0 hand axe (weapon)
Armour
 b - a +0 pair of gloves (worn)
 d - an orb of light (worn)
 k - a +2 chain mail of poison resistance (worn)
Scrolls
 g - a scroll of enchant armour {unknown}
 j - a scroll of identify
Potions
 c - 3 potions of ambrosia
 h - 2 potions of enlightenment {unknown}
 i - 2 potions of heal wounds {unknown}


   Skills:
 - Level 3.6 Fighting
 + Level 6.8 Axes
 - Level 2.4 Dodging


You had 3 spell levels left.
You didn't know any spells.
Your spell library was empty.

Dungeon Overview and Level Annotations

Branches:
Dungeon (3/15)

Altars:

Annotations:
D:3 Crazy Yiuf


Message History

Found a hammer.
Found a runed translucent door.
Crazy Yiuf shouts!
Found a hammer.
Found a stone staircase leading up.
No target in view!
No target in view!
No target in view!
Unknown command.
You open the door. You hit Crazy Yiuf.
Crazy Yiuf is lightly wounded.
Crazy Yiuf hits you with a +3 quarterstaff of chaos.
You hit Crazy Yiuf.
Crazy Yiuf is lightly wounded.
Crazy Yiuf says, "Goober!"
Crazy Yiuf hits you but does no damage.
You feel drained.
You hit Crazy Yiuf but do no damage.
Crazy Yiuf is lightly wounded.
Crazy Yiuf hits you with a +3 quarterstaff of chaos.
You hit Crazy Yiuf but do no damage.
Crazy Yiuf is lightly wounded.
Crazy Yiuf completely misses you.
You barely miss Crazy Yiuf.
Crazy Yiuf is lightly wounded.
Crazy Yiuf barely misses you.
You hit Crazy Yiuf but do no damage.
Crazy Yiuf is lightly wounded.
Crazy Yiuf hits you with a +3 quarterstaff of chaos!
Your body becomes as fragile as glass!
You hit Crazy Yiuf.
Crazy Yiuf is heavily wounded.
Crazy Yiuf hits you with a +3 quarterstaff of chaos.
Crazy Yiuf burns you.
You barely miss Crazy Yiuf.
Crazy Yiuf is heavily wounded.
Crazy Yiuf hits you with a +3 quarterstaff of chaos.
* * * LOW HITPOINT WARNING * * *
You feel very mighty all of a sudden.
Crazy Yiuf hits you with a +3 quarterstaff of chaos!
You die...

...# #...## ......
#...### #......
#########...### ###
###.#)..#........
#)..##..#.............
#...g@####.......#.###
#)..### ##..#.[..<.).
### ########.### #.#
#.# #.# ... #.# #.#


You could see Crazy Yiuf.

Vanquished Creatures
  3 adders (D:2)
  A dart slug (D:1)
  A ribbon worm (D:2)
  4 orcs
  4 ball pythons
  2 endoplasms
  A giant cockroach (D:2)
  4 goblins
  6 hobgoblins
  5 jackals (D:2)
  3 quokkas
  3 bats (D:2)
  4 frilled lizards
  A kobold (D:1)
  3 rats (D:2)
45 creatures vanquished.

Notes
Turn   | Place    | Note
-------+----------+-------------------------------------------
     0 | D:1      | hawla the Hill Orc Monk began the quest for the Orb.
     0 | D:1      | Reached XP level 1. HP: 19/19 MP: 1/1
   142 | D:1      | Reached XP level 2. HP: 24/26 MP: 2/2
   234 | D:1      | Reached skill level 5 in Axes
   788 | D:2      | Reached XP level 3. HP: 31/31 MP: 3/3
  1066 | D:2      | Reached skill level 6 in Axes
  1108 | D:2      | Reached XP level 4. HP: 26/39 MP: 4/4
  1900 | D:3      | Found a runed translucent door.
  1901 | D:3      | Noticed Crazy Yiuf
  1933 | D:3      | Slain by Crazy Yiuf

Illustrated notes

Levels and vault maps discovered:
D:1:      dpeg_arrival_leaves_temple_mockup, layout_basic,
          hangedman_decor_points
D:2:      layout_basic
D:3:      layout_basic, grunt_temple_overflow_open, serial_shops, shop,
          roderic_st_hans_cross, kennysheep_nub, uniq_robin, uniq_sigmund,
          uniq_crazy_yiuf_cottage

Skill      XL: |  1  2  3 |
---------------+----------+-----
Axes           | 5 6 |  6.8
Fighting       | |  3.6
Dodging        | |  2.4

Action                     |  1- 3 |  4- 6 || total
---------------------------+-------+-------++-------
  Melee: Hand axe          |    91 |    54 ||   145
    Use: Scroll            |     5 |       ||     5
         Potion            |       |     1 ||     1
 Armour: Robe              |    27 |       ||    27
         Ring mail         |    25 |    17 ||    42
         Chain mail        |       |     7 ||     7
  Dodge: Dodged            |    64 |    24 ||    88
